 Dungeon Crawl Stone Soup version 0.21.1-1-g345015fe64 (webtiles) character file.

80 Peloso the Shield-Bearer (level 4, 0/42 HPs)
             Began as a Deep Dwarf Fighter on June 14, 2018.
             Slain by Crazy Yiuf
             ... wielding a +2 quarterstaff of chaos
              (2 damage)
             ... on level 2 of the Dungeon.
             The game lasted 00:02:48 (2020 turns).

Peloso the Shield-Bearer (Deep Dwarf Fighter)       Turns: 2020, Time: 00:02:49

Health: 0/42       AC:  8    Str: 20    XL:     4   Next: 18%
Magic:  4/4        EV:  4    Int:  9    God:
Gold:   63         SH:  0    Dex: 12    Spells: 3/3 levels left

rFire    . . .     SeeInvis .   a - +0 long sword
rCold    . . .     Gourm    .   c - +0 shield
rNeg     . . .     Faith    .   b - +0 scale mail
rPois    .         Spirit   .   (no helmet)
rElec    .         Reflect  .   (no cloak)
rCorr    .         Harm     .   n - +0 pair of gloves
MR       .....                  (no boots)
Stlth    ..........             (no amulet)
HPRegen  0.00/turn              (no ring)
MPRegen  0.09/turn              (no ring)

@: petrifying (expiring), non-regenerating, slowed, very slow
A: damage resistance, heal wounds, sense surroundings 1, no regeneration
a: Heal Wounds


You were on level 2 of the Dungeon.
You were very hungry.

You visited 1 branch of the dungeon, and saw 2 of its levels.

You collected 63 gold pieces.

Inventory:

Hand Weapons
 a - a +0 long sword (weapon)
Missiles
 h - 44 bolts
Armour
 b - a +0 scale mail (worn)
 c - a +0 shield (worn)
 n - a +0 pair of gloves (worn)
Scrolls
 g - 4 scrolls of identify {unknown}
 i - a scroll of teleportation {unknown}
 j - a scroll of magic mapping {unknown}
 k - 3 scrolls of remove curse {unknown}
 p - a scroll of immolation {unknown}
Potions
 d - a potion of might
 e - a potion of lignification {unknown}
 l - 2 potions of cancellation {unknown}
 m - a potion of heal wounds {unknown}
 o - a potion of curing
Comestibles
 f - 4 rations


   Skills:
 + Level 3.0 Fighting
 + Level 2.9 Long Blades
 + Level 3.9 Armour
 + Level 0.1 Dodging
 + Level 4.1 Shields


You had 3 spell levels left.
You didn't know any spells.

Dungeon Overview and Level Annotations

Branches:
Dungeon (2/15)

Altars:
Fedhas

Annotations:
D:2 exclusion: oklob plant, Crazy Yiuf


Innate Abilities, Weirdness & Mutations

You are resistant to damage.
You can heal yourself by infusing magical energy.
You passively map a small area around you.
You do not regenerate.


Message History

Crazy Yiuf hits you with a quarterstaff of chaos.
You are confused.
You hit Crazy Yiuf.
Crazy Yiuf is lightly wounded.
Crazy Yiuf says, "Sif Muna ragdoll seventy!"
Crazy Yiuf hits you but does no damage.
You are slowing down.
You bump into the tree.
Crazy Yiuf says, "I'm not crazy!"
Crazy Yiuf hits you with a quarterstaff of chaos!
* * * LOW HITPOINT WARNING * * *
You are electrocuted!
* * * LOW HITPOINT WARNING * * *
Crazy Yiuf hits you with a quarterstaff of chaos!
* * * LOW HITPOINT WARNING * * *
You feel yourself slow down.
Your limbs are stiffening.
You feel less confused.
Crazy Yiuf says, "I'm not crazy!"
Crazy Yiuf hits you with a quarterstaff of chaos.
You die...

########
#####
>......#
#..)#
######.#
#)..#
.###...#
#)g@#
#P##.###
##'##
P.#....#
♣♣.♣
PP#..#.#
♣)♣♣
#P####.#
♣♣)♣


PP# #.# ♣.♣♣ ### #.# ♣♣)♣♣ #P####'#### ♣...♣♣ PP#.......# ♣.PPP♣ You could see
Crazy Yiuf.

Vanquished Creatures
  Jessica (D:2)
  3 adders (D:2)
  A giant cockroach (D:1)
  3 goblins
  3 hobgoblins
  4 bats
  A frilled lizard (D:1)
  9 kobolds
  2 rats
27 creatures vanquished.

Notes
Turn   | Place    | Note
-------+----------+-------------------------------------------
     0 | D:1      | Peloso the Deep Dwarf Fighter began the quest for the Orb.
     0 | D:1      | Reached XP level 1. HP: 20/20 MP: 1/1
   237 | D:1      | Reached XP level 2. HP: 25/27 MP: 2/2
   716 | D:2      | Reached XP level 3. HP: 27/33 MP: 3/3
   723 | D:2      | Reached skill level 4 in Shields
   818 | D:2      | Found a blossoming altar of Fedhas.
   835 | D:2      | Noticed an oklob plant
   914 | D:2      | Found a runed door.
  1250 | D:2      | Noticed Jessica
  1281 | D:2      | Killed Jessica
  1281 | D:2      | Reached XP level 4. HP: 21/42 MP: 4/4
  2014 | D:2      | Noticed Crazy Yiuf
  2019 | D:2      | HP: 2/42 [Crazy Yiuf/quarterstaff of chaos (3)]
  2020 | D:2      | Slain by Crazy Yiuf

Skill      XL: |  1  2  3 |
---------------+----------+-----
Fighting       | 3 |  3.0
Shields        | 4 |  4.1
Long Blades    | |  2.9
Armour         | |  3.9
Dodging        | |  0.1

Action                   |  1- 3 |  4- 6 || total
-------------------------+-------+-------++-------
Melee: Long sword        |    86 |     3 ||    89
  Eat: Chunk             |       |     2 ||     2
Armor: Scale mail        |    46 |       ||    46
Dodge: Dodged            |    32 |       ||    32
Block: Shield            |    55 |     1 ||    56
       Rpst.: Long sword |     5 |       ||     5
